 Dungeon Crawl Stone Soup version 0.19-a0-148-g706f639 (webtiles) character file.

35 Ihatecarrots00 the Poker (level 3, 0/49 HPs)
             Began as a Minotaur Berserker on May 18, 2016.
             Was a Follower of Trog.
             Slain by a gnoll
             ... wielding a cursed +0 whip
              (2 damage)
             ... on level 2 of the Dungeon.
             The game lasted 00:05:12 (1238 turns).

Ihatecarrots00 the Poker (Minotaur Berserker)       Turns: 1238, Time: 00:05:15

Health: 0/49       AC:  2    Str: 27    XL:     3   Next: 17%
Magic:  2/2        EV: 12    Int:  4    God:    Trog [*.....]
Gold:   113        SH:  0    Dex:  9    Spells: 0 memorised, 2 levels left

rFire  . . .     SeeInvis .     a - +0 spear
rCold  . . .     Gourm    .     b - +0 animal skin
rNeg   . . .     Faith    .     (no shield)
rPois  .         Spirit   .     (helmet restricted)
rElec  .         Dismiss  .     (no cloak)
rCorr  .         Reflect  .     (no gloves)
SustAt .         Harm     .     (no boots)
MR     .....                    (no amulet)
Stlth  ..........               (no ring)
                                (no ring)

@: berserking, very quick, not resistant to hostile enchantments, extremely
unstealthy
A: retaliatory headbutt, horns 2
a: Berserk, Burn Spellbooks, Renounce Religion


You were on level 2 of the Dungeon.
You worshipped Trog.
Trog was aware of your devotion.
You were not hungry.

You visited 1 branch of the dungeon, and saw 2 of its levels.

You collected 113 gold pieces.

Inventory:

Hand Weapons
 a - a +0 spear (weapon)
Armour
 b - a +0 animal skin (worn)
Scrolls
 d - 3 scrolls of identify {unknown}
 g - a scroll of enchant weapon {unknown}
 i - a scroll of noise {unknown}
 k - a scroll of remove curse {unknown}
 l - a scroll of fear {unknown}
 n - a scroll of random uselessness {unknown}
Potions
 f - a potion of brilliance {unknown}
 h - a potion of curing {unknown}
 j - a potion of cure mutation {unknown}
 m - 2 potions of lignification {unknown}


   Skills:
 + Level 4.0 Fighting
 + Level 4.2 Polearms
 + Level 2.6 Armour
 + Level 2.9 Dodging
 + Level 0.3 Stealth


You had 2 spell levels left.
You didn't know any spells.

Dungeon Overview and Level Annotations

Branches:
Dungeon (2/15)

Altars:


Innate Abilities, Weirdness & Mutations

You reflexively headbutt those who attack you in melee.
You have a pair of horns on your head.


Message History

The gnoll hits you but does no damage. The gnoll closely misses you.
The gnoll hits you with a whip.
* * * LOW HITPOINT WARNING * * *
You puncture the gnoll!
The gnoll is almost dead.
The gnoll hits you but does no damage.
You puncture the gnoll!
You kill the gnoll!
Trog accepts your kill.
You have reached level 3!
Your experience leads to an increase in your attributes!
Your base attributes are Str 21, Int 4, Dex 9.
Increase (S)trength, (I)ntelligence, or (D)exterity?
You feel stronger. The goblin hits you.
* * * LOW HITPOINT WARNING * * *
The gnoll hits you from afar with a vampiric spear!
* * * LOW HITPOINT WARNING * * *
The gnoll misses you. The gnoll hits you with a whip.
You die...

.........#...#..
S.............# ..
..........##
####.##<..........
#.....#...........
#.....#........#
#....gg........##
#....)@.........#
#...gg#....#......
#.....####.# #####
#..... #.#
############# #.#
##.....#....<###.#
##.............##.##
#.............†.#..#
#...............##.##


You could see 3 gnolls, an adder (wandering) and a goblin.

Vanquished Creatures
  A gnoll (D:2)
  An adder (D:2)
  4 bats (D:1)
  A giant cockroach (D:1)
  3 hobgoblins (D:1)
  A ball python (D:1)
  4 kobolds (D:1)
  A rat (D:1)
16 creatures vanquished.

Notes
Turn   | Place    | Note
--------------------------------------------------------------
     0 | D:1      | Ihatecarrots00 the Minotaur Berserker began the quest for the Orb.
     0 | D:1      | Reached XP level 1. HP: 19/19 MP: 0/0
   340 | D:1      | Reached XP level 2. HP: 27/27 MP: 1/1
  1238 | D:2      | Reached XP level 3. HP: 11/33 MP: 2/2
  1238 | D:2      | HP: 2/49 [gnoll/vampiric spear (7)]
  1238 | D:2      | Slain by a gnoll

Vault maps used:
D:1:      scummos_arrival_gate, hex_intersection, grunt_decor_one_mirror,
          minmay_misc_feat_rows, minivault_11
D:2:      old_standard_altar, nicolae_overflow_hidden_temple,
          grunt_temple_overflow_gold_and_silver, first_bread,
          nemelex_altar_shiori

Skill      XL: |  1  2 |
---------------+-------+-----
Polearms       | 4 |  4.2
Fighting       | 4 |  4.0
Armour         | |  2.6
Dodging        | |  2.9
Stealth        | |  0.3

Action                   || total
-------------------------++-------
Melee: Spear             ||    31
       Headbutt          ||     2
Invok: Berserk           ||     1
  Use: Scroll            ||     1
  Eat: Bread ration      ||     1
Armor: Animal skin       ||    13
Dodge: Dodged            ||    27
